 Dungeon Crawl Stone Soup version 0.24.0-13-gcf9b3192b9 (webtiles) character file.

Game seed: 6275619416748705989, levelgen mode: deterministic

233 Lanoc the Ducker (level 5, -5/35 HPs)
             Began as a Demonspawn Enchanter on Nov 8, 2019.
             Slain by a mummy (15 damage)
             ... in an ossuary.
             The game lasted 00:09:51 (3212 turns).

Lanoc the Ducker (Demonspawn Enchanter)             Turns: 3212, Time: 00:09:52

Health: -5/35      AC:  4    Str:  8    XL:     5   Next: 74%
Magic:  8/8        EV: 17    Int: 16    God:
Gold:   132        SH:  0    Dex: 15    Spells: 5/8 levels left

rFire    . . .     SeeInvis .   a - +1 dagger
rCold    . . .     Gourm    .   (no shield)
rNeg     . . .     Faith    +   b - +0 robe
rPois    .         Spirit   .   (no helmet)
rElec    .         Reflect  .   (no cloak)
rCorr    .         Harm     .   (no gloves)
MR       .....                  i - +1 pair of boots
Stlth    +++.......             m - amulet of faith
HPRegen  0.11/turn              (no ring)
MPRegen  0.11/turn              (no ring)

@: no status effects
A: repulsion field 1, nightstalker 1
a: no special abilities


You were in an ossuary.
You were not hungry.

You visited 1 branch of the dungeon, and saw 4 of its levels.
You also visited: Ossuary.

You collected 132 gold pieces.

Inventory:

Hand Weapons
 a - a +1 dagger (weapon)
 f - a +0 shortbow of freezing
Missiles
 r - 27 bolts
Armour
 b - a +0 robe (worn)
 i - a +1 pair of boots (worn)
Jewellery
 m - an amulet of faith (around neck)
Scrolls
 e - 2 scrolls of remove curse
 g - 7 scrolls of identify
 h - a scroll of magic mapping
 j - a scroll of teleportation
Potions
 k - a potion of mutation {unknown}
 n - a potion of haste
 o - a potion of might {unknown}
 p - a potion of brilliance {unknown}
 t - a potion of agility
Comestibles
 d - 6 rations


   Skills:
 - Level 0.8 Short Blades
 + Level 5.5 Dodging
 - Level 2.6 Stealth
 - Level 2.0 Spellcasting
 - Level 3.0 Hexes


You had 5 spell levels left.
You knew the following spells:

 Your Spells              Type           Power        Failure   Level  Hunger
a - Corona                Hex            ##.....      6%          1    #......
b - Ensorcelled Hibernat  Hex/Ice        #.....       17%         2    ###....

Your spell library contained the following spells:

 Spells                   Type           Power        Failure   Level  Hunger
 Confuse                  Hex            ##......     19%         3    ###....
 Tukima's Dance           Hex            ##......     19%         3    ###....
 Dazzling Spray           Conj/Hex       #.....       32%         3    ###....


Dungeon Overview and Level Annotations

Branches:
Dungeon (4/15)             Temple (0/1) D:4         Ossuary (1/1)

Altars:
Cheibriados
Qazlal

Annotations:
D:3 Terence


Innate Abilities, Weirdness & Mutations

You are surrounded by a mild repulsion field. (EV +2)
You are slightly more attuned to the shadows.


Message History

You hit the mummy.
The mummy is almost destroyed.
The mummy barely misses you.
You hit the mummy but do no damage.
The mummy is almost destroyed.
The mummy hits you!
You hit the mummy but do no damage.
The mummy is almost destroyed.
The mummy closely misses you. x2
You hit the mummy.
The mummy is almost destroyed.
You hit the mummy.
The mummy is almost destroyed.
The mummy misses you. The mummy hits you! The mummy hits you!
* * * LOW HITPOINT WARNING * * *
You see here a potion of curing.
You feel better. The mummy hits you!
You die...

##(.(...##.(##
##(...##....##
#....#.....?##
#....#....!!$#
#..(.#....!!$#
#....#....?$$#
#....#...?!$##
#....##...$$#
#....##..M@##
#.∩∩.###.M$#
###### #####


You could see 2 mummies.

Vanquished Creatures
  An orc wizard (D:4)
  A big kobold zombie (Ossuary)
  A hound skeleton (D:4)
  4 mummies (Ossuary)
  4 adders (D:2)
  7 dart slugs (D:3)
  A leopard gecko (D:3)
  5 orcs
  3 giant cockroaches
  3 gnoll zombies (Ossuary)
  9 goblins
  5 hobgoblins
  3 jackals (D:1)
  3 ball pythons
  5 bats
  5 frilled lizards
  3 hobgoblin zombies (Ossuary)
  7 kobolds
  An orc zombie (Ossuary)
  5 rats
76 creatures vanquished.

Notes
Turn   | Place    | Note
-------+----------+-------------------------------------------
     0 | D:1      | Lanoc the Demonspawn Enchanter began the quest for the Orb.
     0 | D:1      | Reached XP level 1. HP: 13/13 MP: 3/3
    27 | D:1      | Reached skill level 2 in Dodging
   261 | D:1      | Gained mutation: You are surrounded by a mild repulsion
                  | field. (EV +2) [demonic ancestry]
   261 | D:1      | Reached XP level 2. HP: 13/19 MP: 5/5
   282 | D:1      | Learned a level 2 spell: Ensorcelled Hibernation
   497 | D:1      | Reached skill level 3 in Dodging
   985 | D:2      | Reached XP level 3. HP: 18/24 MP: 6/6
  1644 | D:2      | Found a snail-covered altar of Cheibriados.
  1714 | D:2      | Reached skill level 4 in Dodging
  1714 | D:2      | Reached XP level 4. HP: 30/30 MP: 7/7
  2410 | D:3      | Found a stormy altar of Qazlal.
  2629 | D:3      | Found a faded altar of an unknown god.
  2634 | D:3      | Noticed Terence
  2761 | D:4      | Gained mutation: You are slightly more attuned to the
                  | shadows. [demonic ancestry]
  2761 | D:4      | Reached XP level 5. HP: 16/35 MP: 1/8
  2815 | D:4      | Found a sand-covered staircase.
  2936 | Ossuary  | Entered an ossuary
  2954 | Ossuary  | Reached skill level 5 in Dodging
  3210 | Ossuary  | HP: 1/35 [mummy (10)]
  3212 | Ossuary  | Slain by a mummy

Levels and vault maps discovered:
D:1:      ncdulo_halloftheorcs, layout_loops_ring, minmay_shallow_snake_nest
D:2:      layout_basic, overflow_temple_1_default
D:3:      kennysheep_slugbush, layout_basic,
          chequers_ecumenical_altar_simple_redux,
          nicolae_qazlal_eye_of_the_storm, uniq_terence
D:4:      layout_loops_ring, minmay_temple_entry_from_below_b, enter_ossuary_1,
          ebering_ghost_rock_garden
Ossuary:  ossuary_tomb_3

Skill      XL: |  1  2  3  4  5 |
---------------+----------------+-----
Dodging        | 2 3 4 5 |  5.5
Short Blades   | |  0.8
Stealth        | |  2.6
Spellcasting   | |  2.0
Hexes          | |  3.0

Action                   |  1- 3 |  4- 6 || total
-------------------------+-------+-------++-------
Melee: Dagger            |   125 |   109 ||   234
 Fire: Shortbow          |    28 |   108 ||   136
 Cast: Ensorcelled Hiber |     6 |     8 ||    14
  Use: Potion            |     1 |     7 ||     8
       Scroll            |       |     6 ||     6
 Stab: Sleeping          |     8 |     6 ||    14
  Eat: Chunk             |     2 |     3 ||     5
       Ration            |       |     1 ||     1
Armor: Robe              |    23 |    12 ||    35
Dodge: Dodged            |   101 |   113 ||   214
